 Dungeon Crawl Stone Soup version 0.24.0-123-gd5b16e6ec5 (webtiles) character file.

Game seed: 12977792536861111210, levelgen mode: deterministic

11 Descartes the Scratcher (level 2, -1/12 HPs)
             Began as a Felid Transmuter on Dec 20, 2019.
             Slain by a kobold
             ... wielding a +0 short sword
              (4 damage)
             ... on level 2 of the Dungeon.
             The game lasted 00:01:33 (1662 turns).

Descartes the Scratcher (Felid Transmuter)          Turns: 1662, Time: 00:01:33

Health: -1/12      AC:  1    Str:  6    XL:     2   Next: 17%
Magic:  6/6        EV: 18    Int: 14    God:
Gold:   42         SH:  0    Dex: 16    Spells: 4/5 levels left
                                        Lives:  0   Deaths: 0

rFire    . . .     SeeInvis +     - Unarmed
rCold    . . .     Gourm    .   (shield unavailable)
rNeg     . . .     Faith    .   (armour unavailable)
rPois    .         Spirit   .   (helmet unavailable)
rElec    .         Reflect  .   (cloak unavailable)
rCorr    .         Harm     .   (gloves unavailable)
MR       .....                  (boots unavailable)
Stlth    ++........             (no amulet)
HPRegen  0.04/turn              (no ring)
MPRegen  0.10/turn              (no ring)

@: quick
A: very small, no armour, no weapons or thrown items, stealth, claws 1, fangs 3,
see invisible, carnivore, speed 1, shaggy fur 1, slow metabolism 1, sharp paws
a: no special abilities


You were on level 2 of the Dungeon.
You were completely stuffed.

You visited 1 branch of the dungeon, and saw 2 of its levels.

You collected 42 gold pieces.

Inventory:

Missiles
 a - 54 arrows
Scrolls
 d - a scroll of identify {unknown}
 e - 4 scrolls of remove curse {unknown}
 f - a scroll of enchant weapon {unknown}
 g - a scroll of immolation {unknown}
 h - a scroll of blinking {unknown}
 j - a scroll of amnesia {unknown}
Potions
 b - a potion of curing {unknown}
 i - a potion of berserk rage {unknown}
Comestibles
 c - 2 rations


   Skills:
 + Level 1.1 Fighting
 + Level 2.8 Dodging
 * Level 1.2 Stealth
 * Level 3.1 Unarmed Combat
 + Level 2.1 Spellcasting
 + Level 2.3 Transmutations


You had 4 spell levels left.
You knew the following spells:

 Your Spells              Type           Power        Failure   Level  Hunger
a - Beastly Appendage     Tmut           #.....       9%          1    ##.....

Your spell library contained the following spells:

 Spells                   Type           Power        Failure   Level  Hunger
 Sticks to Snakes         Tmut           #.......     14%         2    ###....
 Spider Form              Tmut/Pois      #.........   41%         3    ####...
 Ice Form                 Ice/Tmut       #.......     82%         4    #####..
 Blade Hands              Tmut           #.........   94%         5    ######.


Dungeon Overview and Level Annotations

Branches:
Dungeon (2/15)

Altars:


Innate Abilities, Weirdness & Mutations

You cannot wear armour.
You are incapable of wielding weapons or throwing items.
Your paws allow you to move quietly. (Stealth)
You have sharp claws.
You have razor-sharp teeth.
You have supernaturally acute eyesight. (SInv)
You are carnivorous and can eat meat at any time.
You cover ground quickly.
You are covered in fur. (AC +1)
You have a slow metabolism.
Your sharp claws are effective at attacking unaware monsters.


Message History

The kobold throws a stone.
The stone misses you.
Found a stone staircase leading down.
You see here a stone.
The kobold throws a stone.
The stone hits you.
You see here a stone.
You miss the kobold.
The kobold hits you with a +0 short sword.
You closely miss the kobold. You miss the kobold. Your bite misses the kobold.
The kobold hits you with a +0 short sword.
You barely miss the kobold. The kobold closely misses you.
You barely miss the kobold. The kobold misses you.
You barely miss the kobold.
The kobold hits you with a +0 short sword.
Ouch! That really hurt!
* * * LOW HITPOINT WARNING * * *
You closely miss the kobold. The kobold hits you but does no damage.
You completely miss the kobold.
The kobold hits you with a +0 short sword.
You die...

##########..####.#....#
#............#
#............
#........### #.....(..#
#........# ####+##(##
####..#.# .......@#
.......K# ........#
######.>. ####


You could see a kobold.

Vanquished Creatures
  A dart slug (D:1)
  A giant cockroach (D:1)
  2 goblins (D:1)
  3 hobgoblins (D:1)
  A frilled lizard (D:1)
  A kobold (D:2)
9 creatures vanquished.

Notes
Turn   | Place    | Note
-------+----------+-------------------------------------------
     0 | D:1      | Descartes the Felid Transmuter began the quest for the Orb.
     0 | D:1      | Reached XP level 1. HP: 9/9 MP: 4/4
  1234 | D:1      | Reached skill level 1 in Stealth
  1288 | D:1      | Reached XP level 2. HP: 12/12 MP: 6/6
  1662 | D:2      | Slain by a kobold

Levels and vault maps discovered:
D:1:      dpeg_arrival_central, layout_basic, minmay_misc_feat_ornament
D:2:      layout_basic, kennysheep_generic_room_5

Skill      XL: |  1 |
---------------+----+-----
Stealth        | 1 |  1.2
Fighting       | |  1.1
Dodging        | |  2.8
Unarmed Combat | |  3.1
Spellcasting   | |  2.1
Transmutations | |  2.3

Action                   || total
-------------------------++-------
Melee: Unarmed           ||    37
       Bite              ||     3
 Stab: Sleeping          ||     1
  Eat: Chunk             ||     8
Dodge: Dodged            ||    17
